 Dungeon Crawl Stone Soup version 0.19.0-9-gfd783f2 (webtiles) character file.

99 Gingerlord the Ruffian (level 4, -3/40 HPs)
             Began as a Ghoul Monk on Nov 7, 2016.
             Killed by divine providence
             ... invoked by an orc priest
              (12 damage)
             ... on level 3 of the Dungeon.
             The game lasted 00:03:54 (2120 turns).

Gingerlord the Ruffian (Ghoul Monk)                 Turns: 2120, Time: 00:03:55

Health: -3/40      AC:  7    Str: 15    XL:     4   Next: 72%
Magic:  3/3        EV: 11    Int:  5    God:
Gold:   92         SH:  0    Dex: 11    Spells: 0 memorised, 3 levels left

rFire  . . .     SeeInvis .     f - +0 hand axe (freeze)
rCold  + . .     Gourm    .     k - +0 ring mail
rNeg   + + +     Faith    .     (no shield)
rPois  ∞         Spirit   .     (no helmet)
rElec  .         Reflect  .     l - +0 cloak
rCorr  .         Harm     .     a - +0 pair of gloves
MR     .....                    (no boots)
Stlth  +.........               (no amulet)
                                (no ring)
                                (no ring)

@: rotting
A: rotting body, claws 1, carnivore 3, cold resistance 1, negative energy
resistance 3, slow regeneration 1, torment resistance, unbreathing
a: no special abilities


You were on level 3 of the Dungeon.
You were not hungry.

You visited 1 branch of the dungeon, and saw 3 of its levels.

You collected 92 gold pieces.

Inventory:

Hand Weapons
 f - a +0 hand axe of freezing (weapon)
Armour
 a - a +0 pair of gloves (worn)
 k - a +0 ring mail (worn)
 l - a +0 cloak (worn)
Scrolls
 e - a scroll of teleportation {unknown}
 h - a scroll of random uselessness {unknown}
 i - a scroll of remove curse {unknown}
 j - 8 scrolls of identify {unknown}
 m - a scroll of fog {unknown}
 n - a scroll of amnesia {unknown}
Potions
 c - a potion of might {unknown}
 g - a potion of heal wounds {unknown}
Comestibles
 b - 3 meat rations
 d - a slice of pizza
 o - a beef jerky


   Skills:
 + Level 4.1 Fighting
 + Level 1.3 Armour
 + Level 3.1 Dodging
 - Level 2.1 Stealth
 * Level 4.4 Unarmed Combat


You had 3 spell levels left.
You didn't know any spells.

Dungeon Overview and Level Annotations

Branches:
Dungeon (3/15)

Altars:
Hepliaklqana
Sif Muna

Annotations:
D:1 1 exclusion


Innate Abilities, Weirdness & Mutations

Your body is rotting away.
You thrive on raw meat.
You are immune to poison.
You have sharp fingernails.
You are carnivorous and can eat meat at any time.
Your flesh is cold resistant. (rC+)
You are immune to negative energy. (rN+++)
You regenerate slowly when monsters are visible.
You are immune to unholy pain and torment.
You can survive without breathing.


Message History

The orc priest calls down the wrath of Beogh upon you.
Beogh smites you!
* * * LOW HITPOINT WARNING * * *
The orc hits you with a whip.
* * * LOW HITPOINT WARNING * * *
You are too injured to fight recklessly!
Unknown command.
You are too injured to fight recklessly!
Unknown command.
You hit the orc priest but do no damage.
The orc priest is severely wounded.
You hit the orc but do no damage. The orc priest misses you.
The orc misses you.
Unknown command.
You hit the orc priest but do no damage.
The orc priest is severely wounded.
You hit the orc but do no damage.
The orc priest mumbles some strange prayers to Beogh against you.
Beogh smites you!
You die...

.. #. .####.. .# .......
######+#.. ....... ..........#
(.o.... ..........# ..o..#
..........###.o...#
#..........o######## #....#
#.........%o@....... #....# #.
#.......).......... #....+ #...
#.................. #....#
....###.##(####+###.....##....#
....# #..#.# ...........# ....#
#....+ # ..........#
....###....# ..#...........###
...........#. .....#####.......
..........>....
.....#......##.##


You could see an orc priest and an orc.

Vanquished Creatures
  4 adders
  2 oozes (D:1)
  A worm (D:2)
  A dart slug (D:1)
  A leopard gecko (D:1)
  An orc (D:3)
  2 ball pythons (D:2)
  5 giant cockroaches
  4 goblins
  3 hobgoblins
  2 jackals (D:1)
  4 kobolds
  A quokka (D:2)
  7 bats
  2 frilled lizards (D:2)
  8 rats
48 creatures vanquished.

Notes
Turn   | Place    | Note
-------+----------+-------------------------------------------
     0 | D:1      | Gingerlord the Ghoul Monk began the quest for the Orb.
     0 | D:1      | Reached XP level 1. HP: 19/19 MP: 0/0
   146 | D:1      | Reached XP level 2. HP: 26/26 MP: 1/1
   605 | D:1      | Reached XP level 3. HP: 30/31 MP: 2/2
   710 | D:1      | Reached skill level 1 in Armour
  1081 | D:2      | Found a hazy altar of Hepliaklqana.
  1553 | D:2      | Reached XP level 4. HP: 31/39 MP: 3/3
  1775 | D:2      | Found a deep blue altar of Sif Muna.
  2120 | D:3      | Killed from afar by an orc priest

Skill      XL: |  1  2  3  4 |
---------------+-------------+-----
Armour         | 1 |  1.3
Unarmed Combat | 4 |  4.4
Dodging        | 3 |  3.1
Fighting       | 4 |  4.1
Stealth        | |  2.1

Action                   |  1- 3 |  4- 6 || total
-------------------------+-------+-------++-------
Melee: Unarmed           |    20 |       ||    20
       Hand axe          |   115 |    75 ||   190
 Stab: Sleeping          |     3 |     1 ||     4
  Eat: Chunk             |     6 |     4 ||    10
Armor: Robe              |    24 |       ||    24
       Ring mail         |    25 |    35 ||    60
Dodge: Dodged            |   112 |    47 ||   159
